 Dungeon Crawl Stone Soup version 0.22-a0-402-ga933591 (webtiles) character file.

122 4thArraOfDagon the Magician (level 4, -7/21 HPs)
             Began as a Spriggan Fire Elementalist on May 7, 2018.
             Mangled by an ogre
             ... wielding a +0 giant club
              (28 damage)
             ... on level 7 of the Dungeon.
             The game lasted 00:03:41 (998 turns).

4thArraOfDagon the Magician (SpFE)                   Turns: 998, Time: 00:03:42

Health: -7/21      AC:  2    Str:  4    XL:     4   Next: 78%
Magic:  2/10       EV: 18    Int: 17    God:
Gold:   76         SH:  0    Dex: 16    Spells: 2/10 levels left

rFire    . . .     SeeInvis +   e - +1 flail (drain)
rCold    . . .     Gourm    .   (shield restricted)
rNeg     . . .     Faith    .   a - +0 robe
rPois    .         Spirit   .   (helmet restricted)
rElec    .         Reflect  .   (no cloak)
rCorr    .         Harm     .   (gloves unavailable)
MR       .....                  (boots unavailable)
Stlth    ++........             (no amulet)
HPRegen  0.07/turn              (no ring)
MPRegen  0.12/turn              (no ring)

@: very quick
A: very small, unfitting armour, see invisible, herbivore, speed 3, slow
metabolism 2
a: no special abilities


You were on level 7 of the Dungeon.
You were not hungry.

You visited 1 branch of the dungeon, and saw 7 of its levels.

You collected 76 gold pieces.

Inventory:

Hand Weapons
 e - a +1 flail of draining (weapon)
Armour
 a - a +0 robe (worn)
Wands
 b - a wand of scattershot (5)
 h - a wand of disintegration (11)
Scrolls
 g - a scroll of remove curse
Potions
 d - 3 potions of curing
 f - a potion of mutation {unknown}
 i - 2 potions of flight
Comestibles
 c - 8 rations


   Skills:
 - Level 3.0 Dodging
 - Level 3.0 Stealth
 + Level 3.6 Spellcasting
 * Level 2.2 Conjurations
 * Level 3.4 Fire Magic


You had 2 spell levels left.
You knew the following spells:

 Your Spells              Type           Power        Failure   Level  Hunger
a - Flame Tongue          Conj/Fire      ##...        5%          1    None
b - Conjure Flame         Conj/Fire      ##......     16%         3    ###....
c - Sticky Flame          Conj/Fire      ##......     45%         4    ####...


Dungeon Overview and Level Annotations

Branches:
Dungeon (7/15)
 Temple: D:4-7

Altars:


Innate Abilities, Weirdness & Mutations

You are very small and have problems with some larger weapons.
You are too small for most types of armour.
You have supernaturally acute eyesight. (SInv)
You are a herbivore.
You cover ground extremely quickly.
You need to consume almost no food.


Message History

A wight comes into view. It is wielding a flail of freezing.
Your magical contamination has completely faded away.
A wight comes into view. It is wielding a dagger.
A wight comes into view. It is wielding an enchanted scimitar.
An ogre comes into view. It is wielding a giant club.
Unknown command.
The wight completely misses you.
Unknown command.
The ogre shouts!
Unknown command.
Unknown command.
Unknown command.
Unknown command.
Unknown command. 2 gnolls and a gnoll shaman come into view.
The gnoll shaman shouts!
The gnoll shouts!
You hit the gnoll shaman but do no damage.
The gnoll shaman barely misses you. The ogre hits you with a giant club!!
Ouch! That really hurt!
You die... #.##..........g. #.##.....###.... ### #.##...%.# ... . z.a

#.##.....# .g
##### #.##...z.#
g. #.#
#####.##.....##.#
#.#
#...#.........#.#
#.#
#...#.........#g#
#.#
#...........zO@.#
#.#
###.#...#....z###
#.# #.#...#.....#
#.# #.#...#.....#
#.# #.#...#.....#
#.# #.#####.....#
#.# #.# #######
#.# #.# #.# #.#
#.###


You could see an ogre, a gnoll shaman, 3 wights and 2 gnolls.

Vanquished Creatures
  A bullfrog (D:7)
  A worker ant (D:7)
  A shadow imp (D:7)
  A worm (D:3)
  A dart slug (D:2)
  A leopard gecko (D:2)
  2 goblins
  3 hobgoblins
  A kobold (D:1)
  4 bats
  A frilled lizard (D:3)
  A rat (D:1)
18 creatures vanquished.

Notes
Turn   | Place    | Note
-------+----------+-------------------------------------------
     0 | D:1      | 4thArraOfDagon the Spriggan Fire Elementalist began the quest for the Orb.
     0 | D:1      | Reached XP level 1. HP: 9/9 MP: 5/5
   210 | D:1      | Reached skill level 1 in Conjurations
   250 | D:2      | Reached XP level 2. HP: 12/13 MP: 1/6
   565 | D:5      | Entered Level 5 of the Dungeon
   582 | D:5      | Noticed a centaur
   800 | D:7      | Noticed a wight
   890 | D:7      | Noticed a bullfrog
   894 | D:7      | Killed a bullfrog
   894 | D:7      | Reached XP level 3. HP: 14/16 MP: 6/8
   894 | D:7      | Reached XP level 4. HP: 18/21 MP: 7/10
   899 | D:7      | Learned a level 3 spell: Conjure Flame
   904 | D:7      | Learned a level 4 spell: Sticky Flame
   990 | D:7      | Noticed an ogre
   998 | D:7      | Mangled by an ogre

Vault maps used:
D:1:      lightli_arrival_maybe_door_vault, minmay_misc_feat_four_crosses,
          serial_bayou_pond_d, kennysheep_another_room,
          minmay_misc_feat_columns, minmay_misc_feat_pillars
D:2:      led_sif_pool, dk_noncrumbling_3, uniq_terence
D:3:      first_ration
D:4:      gup_sewer_entry_bowl, nicolae_dithmenos_the_darkroom
D:5:      cheibrodos_two_vegetables, hangedman_decor_growths, dk_noncrumbling_4,
          serial_bayou_pond_a
D:6:      temple_hall

Skill      XL: |  1  2 |
---------------+-------+-----
Conjurations   | 1 2 |  2.2
Spellcasting   | 3 |  3.6
Fire Magic     | 3 |  3.4
Dodging        | |  3.0
Stealth        | |  3.0

Action                   |  1- 3 |  4- 6 || total
-------------------------+-------+-------++-------
Melee: Unarmed           |    13 |       ||    13
       Flail             |       |     2 ||     2
 Cast: Flame Tongue      |    29 |     7 ||    36
       Conjure Flame     |       |     1 ||     1
Evoke: Wand              |     2 |     2 ||     4
  Use: Scroll            |     5 |       ||     5
       Potion            |     4 |       ||     4
Armor: Skin              |     3 |       ||     3
       Robe              |     1 |       ||     1
Dodge: Dodged            |    47 |     6 ||    53

Table legend:
 A = Spawn XP
 B = Non-spawn XP
 C = Spawn XP percentage of total XP
 D = Spawn monster count
 E = Non-spawn monster count
 F = Spawn count percentage of total count
 G = Total turns spent on level
                    A         B        C        D         E        F      G
               +---------+---------+-------+---------+---------+-------+---------
         Total |       0 |     175 |   0.0 |       0 |      18 |   0.0 |   998
               +---------+---------+-------+---------+---------+-------+---------
           D:1 |       0 |       9 |   0.0 |       0 |       5 |   0.0 |   242
           D:2 |       0 |      10 |   0.0 |       0 |       4 |   0.0 |    94
           D:3 |       0 |      13 |   0.0 |       0 |       6 |   0.0 |   186
           D:7 |       0 |     143 |   0.0 |       0 |       3 |   0.0 |   221
               +---------+---------+-------+---------+---------+-------+---------
